TOP OF THE 1ST |
Texas Rangers batting - Pitching for Chicago White Sox : RHP Ricky Salas
|
Pitching: RHP Ricky Salas
|
|
Batting: LHB Sean Geisler
|
0-0: Ball 1-0: Called Strike 1-1: Called Strike 1-2: Fly out, F9 (Flyball, 9, EV 86.9 MPH)
|
Batting: RHB Butch Kaiser
|
0-0: Ball 1-0: Foul Ball, location: 2F 1-1: DOUBLE (Line Drive, 7LS, EV 104.4 MPH)
|
Batting: SHB John Giesbrecht
|
0-0: Ground out 1-3 (Groundball, 15, EV 63.8 MPH)
|
Batting: SHB Addick de Vries
|
0-0: Ball 1-0: Ball 2-0: Ground out 4-3 (Groundball, 4, EV 105.6 MPH)
|
Top of the 1st over - 0 runs, 1 hit, 0 errors, 1 left on base; Texas 0 - Chicago 0 |
BOTTOM OF THE 1ST |
Chicago White Sox batting - Pitching for Texas Rangers : RHP Kevin Ovens-Toots
|
Pitching: RHP Kevin Ovens-Toots
|
|
Batting: RHB Dieter Knoops
|
0-0: Swinging Strike 0-1: Ball 1-1: Called Strike 1-2: Strikes out looking
|
Batting: SHB Gus Berry
|
0-0: Ball 1-0: Ball 2-0: Ball 3-0: Called Strike 3-1: Base on Balls
|
Batting: LHB Randy Rosenberry
|
0-0: Called Strike 0-1: Swinging Strike 0-2: Ball 1-2: Strikes out swinging
|
Batting: RHB Joseph Disepolo
|
0-0: Called Strike 0-1: Foul Ball, location: 2F 0-2: Ground out 4-3 (Groundball, 4, EV 92.5 MPH)
|
Bottom of the 1st over - 0 runs, 0 hits, 0 errors, 1 left on base; Texas 0 - Chicago 0 |
TOP OF THE 2ND |
Texas Rangers batting - Pitching for Chicago White Sox : RHP Ricky Salas
|
Batting: RHB Ray Llewellyn
|
0-0: Called Strike 0-1: Ball 1-1: Foul Ball, location: 2F 1-2: Strikes out swinging
|
Batting: LHB Andy Bowman
|
0-0: Ball 1-0: Fly out, F7 (Flyball, 78M, EV 78.8 MPH)
|
Batting: RHB Blake Ballard
|
0-0: Ball 1-0: Foul Ball, location: 2F 1-1: Swinging Strike 1-2: Strikes out swinging
|
Top of the 2nd over - 0 runs, 0 hits, 0 errors, 0 left on base; Texas 0 - Chicago 0 |
BOTTOM OF THE 2ND |
Chicago White Sox batting - Pitching for Texas Rangers : RHP Kevin Ovens-Toots
|
Batting: RHB Dietmar Warmisch
|
0-0: Ball 1-0: Called Strike 1-1: Ball 2-1: Ball 3-1: Base on Balls
|
Batting: LHB Angel Tellez
|
0-0: Ball 1-0: Ball 2-0: 2-RUN HOME RUN (Flyball, 9LD, EV 91.9 MPH), Distance : 353 ft
|
Batting: RHB Brad Boals
|
0-0: Ball 1-0: SINGLE (Groundball, 56, EV 109.4 MPH)
|
Batting: LHB Sidney Pedder
|
0-0: Called Strike 0-1: Fielders Choice at 2nd, 5-4 (Groundball, 56, EV 107.5 MPH)
|
Batting: RHB Jon Solano
|
0-0: Grounds into double play, 6-4-3 (Groundball, 6, EV 85.0 MPH)
|
Bottom of the 2nd over - 2 runs, 2 hits, 0 errors, 0 left on base; Texas 0 - Chicago 2 |
TOP OF THE 3RD |
Texas Rangers batting - Pitching for Chicago White Sox : RHP Ricky Salas
|
Batting: RHB Zhao-ji Chi
|
0-0: Ball 1-0: Ball 2-0: Ball 3-0: Fly out, F7 (Flyball, 78M, EV 88.1 MPH)
|
Batting: RHB Reilly Hawkins
|
0-0: Ball 1-0: Foul Ball, location: 2F 1-1: Ground out 6-3 (Groundball, P, EV 88.8 MPH)
|
Batting: LHB Sean Geisler
|
0-0: Called Strike 0-1: Swinging Strike 0-2: Ball 1-2: Fly out, F8 (Flyball, 8RXD, EV 90.6 MPH)
|
Top of the 3rd over - 0 runs, 0 hits, 0 errors, 0 left on base; Texas 0 - Chicago 2 |
BOTTOM OF THE 3RD |
Chicago White Sox batting - Pitching for Texas Rangers : RHP Kevin Ovens-Toots
|
Batting: RHB Dieter Knoops
|
0-0: Called Strike 0-1: Foul Ball, location: 2F 0-2: Ground out 6-3 (Groundball, 6, EV 96.2 MPH)
|
Batting: SHB Gus Berry
|
0-0: Foul Ball, location: 2F 0-1: Foul Ball, location: 2F 0-2: Ball 1-2: Ground out 4-3 (Groundball, 4, EV 83.1 MPH)
|
Batting: LHB Randy Rosenberry
|
0-0: Hit by Pitch
|
Pinch Runner at 1st Alfie Bungledorf:
|
|
Batting: RHB Joseph Disepolo
|
0-0: Ball Alfie Bungledorf is caught stealing 2nd base 2-4
|
Bottom of the 3rd over - 0 runs, 0 hits, 0 errors, 0 left on base; Texas 0 - Chicago 2 |
TOP OF THE 4TH |
Texas Rangers batting - Pitching for Chicago White Sox : RHP Ricky Salas
|
Now in CF: Alfie Bungledorf
|
|
Batting: RHB Butch Kaiser
|
0-0: Ball 1-0: Foul Ball, location: 2F 1-1: Foul Ball, location: 2F 1-2: TRIPLE (Groundball, 3L, EV 100.6 MPH)
|
Batting: SHB John Giesbrecht
|
0-0: Called Strike 0-1: Ball 1-1: Called Strike 1-2: Ball Wild Pitch! Butch Kaiser scores 2-2: Strikes out swinging
|
Batting: SHB Addick de Vries
|
0-0: Ball 1-0: Called Strike 1-1: Swinging Strike 1-2: Foul Ball, location: 2F 1-2: Strikes out swinging
|
Batting: RHB Ray Llewellyn
|
0-0: Called Strike 0-1: Foul Ball, location: 2F 0-2: Ball 1-2: Ground out 4-3 (Groundball, 4, EV 86.2 MPH)
|
Top of the 4th over - 1 run, 1 hit, 0 errors, 0 left on base; Texas 1 - Chicago 2 |
BOTTOM OF THE 4TH |
Chicago White Sox batting - Pitching for Texas Rangers : RHP Kevin Ovens-Toots
|
Batting: RHB Joseph Disepolo
|
0-0: Called Strike 0-1: Ball 1-1: SOLO HOME RUN (Flyball, 7LD, EV 95.6 MPH), Distance : 353 ft
|
Batting: RHB Dietmar Warmisch
|
0-0: Called Strike 0-1: Ball 1-1: Ball 2-1: Foul Ball, location: 2F 2-2: Strikes out swinging
|
Batting: LHB Angel Tellez
|
0-0: Hit by Pitch
|
Batting: RHB Brad Boals
|
0-0: Called Strike 0-1: Ball 1-1: Ball 2-1: Ball 3-1: Base on Balls Angel Tellez to second
|
Batting: LHB Sidney Pedder
|
0-0: Ball 1-0: SINGLE (Line Drive, 9S, EV 98.8 MPH) Angel Tellez to third Brad Boals to second
|
Batting: RHB Jon Solano
|
0-0: Ball 1-0: SINGLE (Groundball, 56D, EV 108.1 MPH) Angel Tellez scores Brad Boals to third Sidney Pedder to second
|
Batting: RHB Dieter Knoops
|
0-0: Ball 1-0: Called Strike 1-1: Ball 2-1: Ball 3-1: Called Strike 3-2: SINGLE (Line Drive, 3D, EV 98.1 MPH) Brad Boals scores Sidney Pedder to third Jon Solano to second
|
Pitching: RHP Brad Kramer
|
|
Batting: SHB Gus Berry
|
0-0: Ball 1-0: Called Strike 1-1: Ball 2-1: SINGLE (Groundball, 4S, EV 71.9 MPH) (infield hit) Sidney Pedder scores Jon Solano to third Dieter Knoops to second
|
Batting: SHB Alfie Bungledorf
|
0-0: Ball 1-0: Called Strike 1-1: Ball 2-1: Foul Ball, location: 2F 2-2: Ball 3-2: Fly out, F3 (Popup, 34, EV 75.0 MPH)
|
Batting: RHB Joseph Disepolo
|
0-0: Called Strike 0-1: Ground out 1-3 (Groundball, 25, EV 77.5 MPH)
|
Bottom of the 4th over - 4 runs, 5 hits, 0 errors, 3 left on base; Texas 1 - Chicago 6 |
TOP OF THE 5TH |
Texas Rangers batting - Pitching for Chicago White Sox : RHP Ricky Salas
|
Batting: LHB Andy Bowman
|
0-0: Ground out 6-3 (Groundball, 6MS, EV 81.2 MPH)
|
Batting: RHB Blake Ballard
|
0-0: Called Strike 0-1: Foul Ball, location: 2F 0-2: SINGLE (Line Drive, 9S, EV 101.9 MPH)
|
Batting: RHB Zhao-ji Chi
|
0-0: Called Strike Blake Ballard is caught stealing 2nd base 2-4 0-1: Ball 1-1: Called Strike 1-2: Fly out, F8 (Flyball, 8LD, EV 88.8 MPH)
|
Top of the 5th over - 0 runs, 1 hit, 0 errors, 0 left on base; Texas 1 - Chicago 6 |
BOTTOM OF THE 5TH |
Chicago White Sox batting - Pitching for Texas Rangers : RHP Brad Kramer
|
Batting: RHB Dietmar Warmisch
|
0-0: Swinging Strike 0-1: Ball 1-1: Called Strike 1-2: Fly out, F9 (Line Drive, 9D, EV 97.5 MPH)
|
Batting: LHB Angel Tellez
|
0-0: Called Strike 0-1: Ball 1-1: Ball 2-1: Swinging Strike 2-2: Strikes out swinging
|
Batting: RHB Brad Boals
|
0-0: SINGLE (Groundball, 4MD, EV 103.1 MPH)
|
Batting: LHB Sidney Pedder
|
0-0: Swinging Strike 0-1: Fly out, F8 (Line Drive, 8RM, EV 94.4 MPH)
|
Bottom of the 5th over - 0 runs, 1 hit, 0 errors, 1 left on base; Texas 1 - Chicago 6 |
TOP OF THE 6TH |
Texas Rangers batting - Pitching for Chicago White Sox : RHP Ricky Salas
|
Batting: RHB Reilly Hawkins
|
0-0: Called Strike 0-1: Swinging Strike 0-2: Foul Ball, location: 2F 0-2: Hit by Pitch
|
Pinch Runner at 1st Danny Heyer:
|
|
Batting: LHB Sean Geisler
|
0-0: Ball 1-0: Fly out, F9 (Flyball, 89M, EV 85.6 MPH)
|
Batting: RHB Butch Kaiser
|
0-0: Called Strike 0-1: DOUBLE (Groundball, 3L, EV 94.4 MPH) Danny Heyer to third Runner from 3rd tries for Home, throw by RF and OUT! 9-2 Butch Kaiser to third
|
Batting: SHB John Giesbrecht
|
0-0: Ball 1-0: Foul Ball, location: 2F 1-1: DOUBLE (Line Drive, 9LS, EV 99.4 MPH) Butch Kaiser scores
|
Batting: SHB Addick de Vries
|
0-0: Ball 1-0: Swinging Strike 1-1: Ball 2-1: Swinging Strike 2-2: Ball 3-2: Foul Ball, location: 2F 3-2: Foul Ball, location: 2F 3-2: Foul Ball, location: 2F 3-2: Base on Balls
|
Batting: RHB Ray Llewellyn
|
0-0: Ball 1-0: Ball 2-0: Ball 3-0: Called Strike 3-1: SINGLE (Groundball, 3S, EV 74.4 MPH) (infield hit) John Giesbrecht to third Addick de Vries to second
|
Batting: LHB Andy Bowman
|
0-0: Called Strike 0-1: Called Strike 0-2: Strikes out swinging
|
Top of the 6th over - 1 run, 3 hits, 0 errors, 3 left on base; Texas 2 - Chicago 6 |
BOTTOM OF THE 6TH |
Chicago White Sox batting - Pitching for Texas Rangers : RHP Brad Kramer
|
Now at 3B: Danny Heyer
|
|
Batting: RHB Jon Solano
|
0-0: Swinging Strike 0-1: Ball 1-1: Ball 2-1: Called Strike 2-2: Foul Ball, location: 2F 2-2: Strikes out swinging
|
Batting: RHB Dieter Knoops
|
0-0: Ball 1-0: Swinging Strike 1-1: Foul Ball, location: 2F 1-2: Strikes out swinging
|
Batting: SHB Gus Berry
|
0-0: Called Strike 0-1: Foul Ball, location: 2F 0-2: Ball 1-2: Strikes out looking
|
Bottom of the 6th over - 0 runs, 0 hits, 0 errors, 0 left on base; Texas 2 - Chicago 6 |
TOP OF THE 7TH |
Texas Rangers batting - Pitching for Chicago White Sox : RHP Ricky Salas
|
Batting: RHB Blake Ballard
|
0-0: Ball 1-0: Foul Ball, location: 2F 1-1: Ball 2-1: Called Strike 2-2: Fly out, F8 (Flyball, 78M, EV 91.9 MPH)
|
Batting: RHB Zhao-ji Chi
|
0-0: SINGLE (Line Drive, 7LS, EV 86.9 MPH)
|
Batting: RHB Danny Heyer
|
0-0: Foul Ball, location: 2F 0-1: Foul Ball, location: 2F 0-2: Ball 1-2: Strikes out looking
|
Batting: LHB Sean Geisler
|
0-0: Called Strike 0-1: Foul Ball, location: 2F 0-2: Ball 1-2: Ball 2-2: Ball Zhao-ji Chi steals 2nd base (no throw) 3-2: Foul Ball, location: 2F 3-2: Foul Ball, location: 2F 3-2: Foul Ball, location: 2F 3-2: Foul Ball, location: 2F 3-2: Fly out, F9 (Line Drive, 9LM, EV 94.4 MPH)
|
Top of the 7th over - 0 runs, 1 hit, 0 errors, 1 left on base; Texas 2 - Chicago 6 |
BOTTOM OF THE 7TH |
Chicago White Sox batting - Pitching for Texas Rangers : RHP Brad Kramer
|
Pitching: RHP Gabe Baxter
|
|
Batting: SHB Alfie Bungledorf
|
0-0: Called Strike 0-1: Ball 1-1: Ball 2-1: Ground out U3 (Groundball, 34, EV 85.0 MPH)
|
Batting: RHB Joseph Disepolo
|
0-0: Ball 1-0: Called Strike 1-1: Swinging Strike 1-2: Ball 2-2: Ball 3-2: Base on Balls
|
Batting: RHB Dietmar Warmisch
|
0-0: Swinging Strike 0-1: Called Strike Joseph Disepolo steals 2nd base 0-2: Foul Ball, location: 2F 0-2: Ball 1-2: Fly out, F9 (Flyball, 9LM, EV 88.1 MPH)
|
Batting: LHB Angel Tellez
|
0-0: Called Strike 0-1: Ball 1-1: SINGLE (Groundball, 4D, EV 98.1 MPH) Joseph Disepolo to third Runner from 3rd tries for Home, throw by CF and OUT! 8-2
|
Bottom of the 7th over - 0 runs, 1 hit, 0 errors, 1 left on base; Texas 2 - Chicago 6 |
TOP OF THE 8TH |
Texas Rangers batting - Pitching for Chicago White Sox : RHP Ricky Salas
|
Batting: RHB Butch Kaiser
|
0-0: Ground out 5-3 (Groundball, 56S, EV 75.0 MPH)
|
Batting: SHB John Giesbrecht
|
0-0: Ball 1-0: Called Strike 1-1: Swinging Strike 1-2: Foul Ball, location: 2F 1-2: SINGLE (Line Drive, 56D, EV 96.9 MPH)
|
Pitching: RHP Riso Profanter
|
|
Batting: SHB Addick de Vries
|
0-0: Foul Ball, location: 2F 0-1: Ball 1-1: Foul Ball, location: 2F 1-2: Strikes out looking
|
Batting: RHB Ray Llewellyn
|
0-0: Called Strike 0-1: Ball 1-1: Ball 2-1: Swinging Strike 2-2: Fielders Choice at 2nd, 5-4 (Groundball, 5, EV 85.0 MPH)
|
Top of the 8th over - 0 runs, 1 hit, 0 errors, 1 left on base; Texas 2 - Chicago 6 |
BOTTOM OF THE 8TH |
Chicago White Sox batting - Pitching for Texas Rangers : RHP Gabe Baxter
|
Batting: RHB Brad Boals
|
0-0: Ball 1-0: Fly out, F7 (Flyball, 7LSF, EV 98.8 MPH)
|
Batting: LHB Sidney Pedder
|
0-0: Swinging Strike 0-1: Ball 1-1: Called Strike 1-2: Ball 2-2: Foul Ball, location: 2F 2-2: SINGLE (Groundball, 4M, EV 106.2 MPH)
|
Batting: RHB Jon Solano
|
0-0: Ball Sidney Pedder is caught stealing 2nd base 2-4 1-0: Ground out 6-3 (Groundball, 6S, EV 85.0 MPH)
|
Bottom of the 8th over - 0 runs, 1 hit, 0 errors, 0 left on base; Texas 2 - Chicago 6 |
TOP OF THE 9TH |
Texas Rangers batting - Pitching for Chicago White Sox : RHP Riso Profanter
|
Batting: LHB Andy Bowman
|
0-0: Ball 1-0: Foul Ball, location: 2F 1-1: Foul Ball, location: 2F 1-2: Strikes out swinging
|
Batting: RHB Blake Ballard
|
0-0: SINGLE (Groundball, 6MD, EV 108.1 MPH)
|
Batting: RHB Zhao-ji Chi
|
0-0: Ball 1-0: Called Strike 1-1: DOUBLE (Groundball, 5L, EV 94.4 MPH) Blake Ballard to third
|
Pitching: LHP Rhett Beers
|
|
Batting: RHB Danny Heyer
|
0-0: Foul Ball, location: 2F 0-1: Ball 1-1: Swinging Strike 1-2: Ground out 2-3 (Groundball, 2R, EV 71.9 MPH)
|
Pinch Hitting: RHB Chad Thompson
|
0-0: Swinging Strike 0-1: Foul Ball, location: 2F 0-2: Ball 1-2: Ground out 2-3 (Groundball, 15S, EV 66.9 MPH)
|
Top of the 9th over - 0 runs, 2 hits, 0 errors, 2 left on base; Texas 2 - Chicago 6 |
|